 Dungeon Crawl Stone Soup version 0.31.0-12-g77e489cdc1 (webtiles) character file.

Game seed: 420548120301719953

433 Killerpretzel the Changeling (level 7, -6/46 HPs)
             Began as an Octopode Shapeshifter on Mar 1, 2024.
             Mangled by a gnoll
             ... wielding a +0 halberd
              (15 damage)
             ... on level 4 of the Dungeon.
             The game lasted 00:05:19 (3964 turns).

Killerpretzel the Changeling (OpSh)                 Turns: 3964, Time: 00:05:20

Health: -6/46      AC:  1    Str: 13    XL:     7   Next: 0%
Magic:  7/7        EV: 14    Int: 12    God:
Gold:   281        SH:  0    Dex: 14    Spells: 6/6 levels left

rFire   . .          .
                       - Unarmed
rCold   . . .        (no shield)
rNeg    . . .        (helmet currently unavailable)
rPois   +            (no amulet)
rElec   .            e - ring of poison resistance
rCorr   .            (no ring)
SInv    .            (no ring)
Will    .....        (no ring)
Stlth   ++           (no ring)
HPRegen 0.27/turn    (no ring)
MPRegen 0.10/turn    (no ring)
                     (no ring)

%: no passive effects
@: beast-form
A: beast (slay +2), almost no armour, amphibious, 8 rings, camouflage 1,
gelatinous body 1, (nimble swimmer 1), tentacles
a: Begin Untransformation


You were on level 4 of the Dungeon.
You were a hulking beast.
You visited 1 branch of the dungeon, and saw 4 of its levels.
You also visited: Sewer.

You collected 281 gold pieces.

Inventory:

Jewellery
 e - a ring of poison resistance (left tentacle)
 f - a ring of fire
Talismans
 b - a beast talisman
 c - a flux talisman
Scrolls
 d - a scroll of enchant weapon
 g - 2 scrolls of fog
 l - a scroll of poison {unknown}
 m - a scroll of butterflies
 q - a scroll of fear
 r - a scroll of identify
 s - a scroll of teleportation {unknown}
Potions
 a - a potion of berserk rage
 h - a potion of mutation
 i - a potion of curing
 j - 3 potions of heal wounds
 k - a potion of magic
 n - a potion of attraction {unknown}
 o - a potion of enlightenment {unknown}
 p - a potion of brilliance {unknown}


   Skills:
 + Level 3.0 Fighting
 + Level 3.6 Dodging
 + Level 4.2 Unarmed Combat
 * Level 5.0 Shapeshifting


You had 6 spell levels left.
You didn't know any spells.
Your spell library contained the following spells:

 Spells                   Type           Power      Damage    Failure   Level
 Lesser Beckoning         Tloc           0%         N/A       45%         2
 Gell's Gravitas          Tloc           0%         N/A       69%         3
 Summon Ice Beast         Ice/Summ       0%         N/A       69%         3
 Teleport Other           Tloc           0%         N/A       69%         3
 Summon Mana Viper        Hex/Summ       0%         N/A       100%        5
 Monstrous Menagerie      Summ           0%         N/A       100%        7


Dungeon Overview and Level Annotations

Branches:
Dungeon (4/15)              Sewer (visited)
 Temple: D:4-7

Altars:

Shops:
D:4 *


Innate Abilities, Weirdness & Mutations

You are a hulking beast.
Your limbs bulge with bestial killing power. (Slay +2)
You cannot wear most types of armour.
You are amphibious.
You can wear up to eight rings at the same time.
Your skin changes colour to match your surroundings (Stealth+).
Your rubbery body absorbs attacks. (AC +1, EV +1)
((You are camouflaged when in or above water. (Stealth+)))
You have tentacles for arms and can constrict up to eight enemies at once.


Message History

No target in view!
No target in view!
No target in view!
No target in view!
No target in view!
No target in view!
Things that are here:
a +0 hand axe; an orc corpse You open the door.
An orc comes into view. It is wielding a +0 flail.
There is an open door here. 3 gnolls come into view.
A gnoll is wielding a +2 halberd of venom.
The orc shouts!
The gnoll shouts!
You hear a shout!
A gnoll comes into view. It is wielding a +0 whip.
There is an open door here.
You barely miss the orc. You grab the orc. You squeeze the orc.
You kill the orc!
Things that are here:
a +0 hand axe; an orc corpse The gnoll hits you with a +0 spear.
You tentacle-slap the gnoll. Your grab misses the gnoll.
The gnoll is moderately wounded.
The gnoll hits you with a +0 whip. The gnoll misses you.
The gnoll closely misses you.
The gnoll shouts!
You bludgeon the gnoll! You grab the gnoll.
The gnoll is severely wounded.
You constrict the gnoll.
The gnoll hits you from afar with a +0 halberd!
The gnoll closely misses you. x2
You bludgeon the gnoll!
You kill the gnoll!
The gnoll barely misses you. The gnoll completely misses you.
You have reached level 7!
The gnoll attacks as it pursues you!
The gnoll hits you from afar with a +0 halberd!
* * * LOW HITPOINT WARNING * * *
The gnoll hits you with a +0 halberd!
You die...

....g.....#)..# ...gg.....#....
#######....+ ...g......#....
#..........# ..........#....
###..........# .......g..##..#
.............# #######.....#..#
.............# #.....#)....#...
.............#+###.....'.....#...
.............#..hgg.)..#.....#...
.............#..##g.)..#.....#+##
#######'#....#..########........#
...#....#....#.........#........#
...#....#....#.........#........#
#'##....#....#..##....##........#
...#....#....'..####'##..[.##+#..
...#....#....#####....#....# #..
...'....#..>.....#....#....+ +..


You could see 3 gnolls.

Vanquished Creatures
  A crocodile (Sewer)
  An ogre (D:4)
  A brain worm (Sewer)
  A sleepcap (D:4)
  An orc wizard (D:3)
  A gnoll (D:4)
  3 adders
  3 ribbon worms
  A dart slug (D:2)
  7 orcs
  6 ball pythons
  10 endoplasms
  2 giant cockroaches (D:1)
  9 goblins
  5 hobgoblins
  14 jackals
  6 quokkas
  9 bats
  4 frilled lizards
  4 kobolds
  6 rats
95 creatures vanquished.

Notes
Turn   | Place    | Note
-------+----------+-------------------------------------------
     0 | D:1      | Killerpretzel the Octopode Shapeshifter began the quest for
                  | the Orb.
     0 | D:1      | Reached XP level 1. HP: 13/13 MP: 1/1
   156 | D:1      | Reached XP level 2. HP: 11/18 MP: 2/2
   383 | D:1      | Reached XP level 3. HP: 20/23 MP: 3/3
  1346 | D:2      | Reached XP level 4. HP: 24/29 MP: 4/4
  2914 | D:3      | Found a glowing drain.
  2923 | Sewer    | Entered a sewer
  2949 | Sewer    | Noticed a brain worm
  2956 | Sewer    | Killed a brain worm
  2957 | Sewer    | Reached skill level 4 in Shapeshifting
  2957 | Sewer    | Reached XP level 5. HP: 27/34 MP: 3/5
  2992 | Sewer    | Noticed a crocodile
  3007 | Sewer    | Killed a crocodile
  3008 | Sewer    | Reached XP level 6. HP: 40/41 MP: 6/6
  3687 | D:4      | Reached skill level 5 in Shapeshifting
  3863 | D:4      | Found Deuf's General Store.
  3963 | D:4      | Reached XP level 7. HP: 24/46 MP: 7/7
  3964 | D:4      | Mangled by a gnoll

Illustrated notes

Levels and vault maps discovered:
D:1:      dpeg_arrival_stonehenge_8_columns, layout_basic
D:2:      layout_basic
D:3:      minmay_general_purpose_star, layout_loops_ring,
          gup_sewer_entry_bubbles, minmay_misc_feat_hallway
D:4:      layout_gridville, serial_shops, shop_coins

Skill      XL: |  1  2  3  4  5  6 |
---------------+-------------------+-----
Fighting       | 2 3 |  3.0
Dodging        | 3 |  3.6
Shapeshifting  | 4 5 |  5.0
Unarmed Combat | 4 |  4.2

Action                     |  1- 3 |  4- 6 |  7- 9 || total
---------------------------+-------+-------+-------++-------
  Melee: Unarmed           |    84 |   108 |       ||   192
         Constrict         |    19 |    24 |       ||    43
         Tentacles         |    10 |    17 |       ||    27
         Punch             |     1 |     5 |       ||     6
    Use: Scroll            |     3 |     8 |       ||    11
         Potion            |       |     1 |       ||     1
   Stab: Sleeping          |     6 |     7 |       ||    13
         Distracted        |       |     1 |       ||     1
 Armour: Skin              |    29 |    52 |     2 ||    83
  Dodge: Dodged            |    52 |    66 |       ||   118
